 Dungeon Crawl Stone Soup version 0.29-a0-364-g921d912d32 (webtiles) character file.

Game seed: 1169240246398032500

41 bande the Covered (level 3, 0/24 HPs)
             Began as a Gargoyle Fighter on Apr 30, 2022.
             Killed by divine providence
             ... invoked by an orc priest
              (10 damage)
             ... on level 3 of the Dungeon.
             The game lasted 00:02:06 (1405 turns).

bande the Covered (Gargoyle Fighter)                Turns: 1405, Time: 00:02:08

Health: 0/24       AC: 12    Str: 19    XL:     3   Next: 52%
Magic:  3/3        EV: 11    Int:  8    God:
Gold:   116        SH:  4    Dex: 11    Spells: 2/2 levels left

rFire   . . .      SeeInvis .   a - +0 war axe
rCold   . . .      Faith    .   c - +0 buckler
rNeg    + . .      Spirit   .   j - +0 chain mail
rPois   ∞          Reflect  .   (no helmet)
rElec   +          Harm     .   (no cloak)
rCorr   .          Rampage  .   (no gloves)
Will    .....                   (no boots)
Stlth   ..........              (no amulet)
HPRegen 0.08/turn               t - +4 ring of evasion
MPRegen 0.08/turn               (no ring)

@: no status effects
A: sickness immunity, AC +3, negative energy resistance 1, electricity
resistance, torment resistance 1, petrification resistance
a: no special abilities


You were on level 3 of the Dungeon.
You visited 1 branch of the dungeon, and saw 3 of its levels.

You collected 116 gold pieces.

Inventory:

Hand Weapons
 a - a +0 war axe (weapon)
 p - a +0 war axe
Armour
 c - a +0 buckler (worn)
 j - a +0 chain mail (worn)
Jewellery
 t - a +4 ring of evasion (left hand)
Wands
 l - a wand of iceblast (15)
Scrolls
 b - a scroll of fog {unknown}
 e - a scroll of teleportation {unknown}
 f - a scroll of blinking {unknown}
 g - 4 scrolls of identify {unknown}
 h - a scroll of summoning {unknown}
 k - a scroll of magic mapping {unknown}
 s - a scroll of fear {unknown}
 u - a scroll of torment {unknown}
Potions
 d - a potion of might
 i - a potion of curing {unknown}
 m - a potion of haste {unknown}
 n - 2 potions of lignification {unknown}
 o - a potion of attraction {unknown}
 q - a potion of resistance {unknown}
 r - 2 potions of berserk rage {unknown}


   Skills:
 + Level 3.7 Fighting
 + Level 2.2 Axes
 + Level 3.8 Armour
 + Level 3.5 Shields
 * Level 0.4 Evocations


You had 2 spell levels left.
You didn't know any spells.
Your spell library was empty.

Dungeon Overview and Level Annotations

Branches:
Dungeon (3/15)

Altars:
Yredelemnul

Shops:
D:2 (


Innate Abilities, Weirdness & Mutations

You are immune to sickness and miasma.
Your stone body is resilient. (AC +3)
You are immune to poison.
You resist negative energy. (rN+)
You are resistant to electric shocks. (rElec)
You are resistant to unholy torment.
You are immune to petrification.


Message History

The orc priest looks satisfied for a moment.
You completely miss the orc priest.
The orc priest is lightly wounded.
The orc priest hits you with a +0 flail.
You completely miss the orc priest.
The orc priest is lightly wounded.
You block the orc priest's attack. The orc priest closely misses you.
You hit the orc priest but do no damage.
The orc priest is lightly wounded.
You slash the orc!
A ball python comes into view.
The orc barely misses you.
The orc priest hits you with a +0 flail.
You closely miss the orc priest.
The orc priest is lightly wounded.
You barely miss the orc. You completely miss the orc.
The orc hits you but does no damage.
The orc priest hits you but does no damage.
The orc hits you but does no damage.
Unknown command.
You barely miss the orc priest.
The orc priest is lightly wounded.
You hit the orc. x2
You kill the orc!
The orc closely misses you.
The orc priest hits you but does no damage. x2
The orc closely misses you.
You slash the orc priest!
The orc priest is severely wounded.
You hit the orc but do no damage. The orc barely misses you.
The orc priest hits you but does no damage.
Unknown command.
You barely miss the orc priest.
The orc priest is severely wounded.
You hit the orc. The orc hits you but does no damage.
The orc priest barely misses you. The ball python closely misses you.
The ball python misses you.
The orc priest invokes the aid of Beogh against you.
Beogh smites you!
You die...

#.# #.#
.#### #.#
.....##.## #
.........#
.#
.###.#..†##
.#
#......#.#
#.#...#.##.#
#..o@).?...#
####So#.####
#..##.# ...#
#.# #...#
#.# ..... ##
.......
.......
..o......


You could see an orc priest, an orc and a ball python.

Vanquished Creatures
  An adder (D:3)
  A dart slug (D:1)
  2 orcs (D:3)
  4 ball pythons
  2 endoplasms
  4 hobgoblins (D:1)
  2 quokkas (D:1)
  4 bats
  A frilled lizard (D:3)
  4 kobolds
  2 rats (D:2)
27 creatures vanquished.

Notes
Turn   | Place    | Note
-------+----------+-------------------------------------------
     0 | D:1      | bande the Gargoyle Fighter began the quest for the Orb.
     0 | D:1      | Reached XP level 1. HP: 14/14 MP: 1/1
   217 | D:1      | Found a faded altar of an unknown god.
   226 | D:1      | Reached XP level 2. HP: 19/19 MP: 2/2
   783 | D:2      | Found a basalt altar of Yredelemnul.
   961 | D:2      | Found Qejipoa's Weapon Shoppe.
  1115 | D:2      | Reached XP level 3. HP: 19/24 MP: 3/3
  1405 | D:3      | Killed from afar by an orc priest

Illustrated notes

Levels and vault maps discovered:
D:1:      minmay_arrival_wavy_path, layout_basic,
          chequers_ecumenical_altar_island
D:2:      layout_loops_ring, serial_shops, nicolae_shop_behind_doors,
          basic_altar
D:3:      layout_loops_corners, nicolae_qazlal_scattered_showers,
          kennysheep_pointless_box

Skill      XL: |  1  2 |
---------------+-------+-----
Axes           | 2 |  2.2
Fighting       | |  3.7
Armour         | |  3.8
Shields        | |  3.5
Evocations     | |  0.4

Action                   || total
-------------------------++-------
Melee: War axe           ||    79
Armor: Scale mail        ||     6
       Chain mail        ||    49
Dodge: Dodged            ||    51
Block: Buckler           ||    16

Table legend: (Time is in decaauts)
 A = Elapsed time spent in this place.
 B = Non-inter-level travel time spent in this place.
 C = Inter-level travel time spent in this place.
 D = Time resting spent in this place.
 E = Time spent auto-exploring this place.
 F = Levels seen in this place.
 G = Mean time per level.
                   A        B        C        D        E       F      G
               +--------+--------+--------+--------+--------+-----+--------+
         Total |   1439 |   1428 |     11 |      0 |   1135 |   3 |  479.7 |
       Dungeon |   1439 |   1428 |     11 |      0 |   1135 |   3 |  479.7 |
               +--------+--------+--------+--------+--------+-----+--------+

Top non-repeatable levels by time:
     D:2: 759 daAuts
     D:1: 628 daAuts
     D:3: 50 daAuts
